 Dungeon Sprint DCSS version 0.30-a0-51-g784eafce7f (webtiles) character file.

Game seed: 14091706019455668220

1193 mhtbhm the Geomancer (level 8, -2/42 HPs)
             Began as a Gargoyle Earth Elementalist on Sept 5, 2022.
             Was a Believer of Vehumet.
             Slain by Snorg (6 damage)
             ... in the Dungeon (Sprint III: "The Ten Rune Challenge").
             The game lasted 00:03:17 (1551 turns).

mhtbhm the Geomancer (Gargoyle Earth Elementalist)  Turns: 1551, Time: 00:03:18

Health: -2/42      AC:  7    Str: 12    XL:     8   Next: 43%
Magic:  19/23      EV: 12    Int: 21    God:    Vehumet [**....]
Gold:   41         SH:  0    Dex:  9    Spells: 19/29 levels left

rFire   . . .      SeeInvis .      - Unarmed
rCold   . . .      Faith    .    (no shield)
rNeg    + . .      Spirit   .    a - +0 robe
rPois   ∞          Reflect  .    (no helmet)
rElec   +          Harm     .    (no cloak)
rCorr   .          Rampage  .    (no gloves)
Will    .....      NoTele   +    (no boots)
Stlth   +.........               (no amulet)
HPRegen 0.14/turn                (no ring)
MPRegen 0.18/turn                (no ring)

@: hasted, slow
A: sickness immunity, AC +5, negative energy resistance 1, electricity
resistance, torment resistance 1, petrification resistance, clever 1, sturdy
frame 1
a: Renounce Religion


You were in the Dungeon.
You worshipped Vehumet.
Vehumet was pleased with you.
You visited 1 branch You collected 41 gold pieces.

Inventory:

Armour
 a - a +0 robe (worn)
Scrolls
 f - a scroll of poison {unknown}
 g - 3 scrolls of blinking
 h - a scroll of identify {unknown}
 j - a scroll of torment {unknown}
Potions
 b - 3 potions of magic
 c - 2 potions of curing
 d - a potion of heal wounds
 i - a potion of lignification {unknown}
 k - a potion of flight {unknown}
 l - a potion of mutation
 m - a potion of berserk rage
Miscellaneous
 n - a phial of floods


   Skills:
 - Level 0.6 Fighting
 + Level 4.2 Dodging
 + Level 4.9 Stealth
 - Level 2.1 Unarmed Combat
 + Level 11.2 Spellcasting
 + Level 2.4 Transmutations
 + Level 14.1 Earth Magic


You had 19 spell levels left.
You knew the following spells:

 Your Spells              Type           Power      Damage    Failure   Level
a - Sandblast             Erth           100%       2d20      1%          1
b - Passwall              Tmut/Erth      38%        N/A       1%          2
c - Stone Arrow           Conj/Erth      82%        3d12      1%          3
d - Petrify               Tmut/Erth      46%        N/A       1%          4

Your spell library contained the following spells:

 Spells                   Type           Power      Damage    Failure   Level
 Searing Ray              Conj           22%        2d5       9%          2
 Apportation              Tloc           22%        N/A       6%          1
 Alistair's Intoxication  Tmut/Pois      10%        N/A       67%         5


Dungeon Overview and Level Annotations

Branches:
Dungeon (1/1)

Altars:
Cheibriados
Dithmenos
Elyvilon
Fedhas
Gozag
Hepliaklqana
Kikubaaqudgha
Makhleb
Nemelex Xobeh
Okawaru
Qazlal
Ru
Sif Muna
Trog
Uskayaw
Vehumet
Wu Jian
Xom
Yredelemnul
Zin
The Shining One
Jiyva
Lugonu

Annotations:
D Snorg


Innate Abilities, Weirdness & Mutations

You are immune to sickness and miasma.
Your stone body is resilient. (AC +5)
You are immune to poison.
You resist negative energy. (rN+)
You are resistant to electric shocks. (rElec)
You are resistant to unholy torment.
You are immune to petrification.
Your mind is acute. (Int +4, Str/Dex -1)
Your movements are slightly less encumbered by armour. (ER -2)


Message History

Aim: a spatial vortex (severely damaged, 95% to hit)
The blast of sand hits the spatial vortex!!
The spatial vortex dissipates!
Vehumet accepts your kill.
Your Earth Magic skill increases to level 14!
There is a blossoming altar of Fedhas here.
There is a stormy altar of Qazlal here.
There is a burning altar of Makhleb here.
There is a shimmering altar of Xom here.
There is a sparkling altar of Nemelex Xobeh here.
You see here a phial of floods.
n - a phial of floods
There is an opulent altar of Gozag here.
There is a hazy altar of Hepliaklqana here.
There is a snail-covered altar of Cheibriados here.
There is a blossoming altar of Fedhas here.
You start resting.
Magic restored.
There is an open door here.
You open the door.
There is an open door here.
Snorg the Insatiable comes into view.
Snorg moves out of view.
You start waiting.
Okay, then.
Casting: Sandblast (safe; 1% risk of failure)
Confirm with . or Enter, or press ? or * to list all spells.
Aiming: Petrify (dangerous; 1% risk of failure)
Press: ? - help, Shift-Dir - straight line, f - Snorg
Aim: Snorg (black smoke, asleep, chance to affect: 34%) Snorg shouts!
Snorg easily resists.
Snorg goes berserk!
Unknown command.
You feel yourself speed up.
You enter the shallow water.
Moving in this stuff is going to be slow.
Snorg bites you!! Snorg claws you!!
* * * LOW HITPOINT WARNING * * *
Snorg claws you.
You die...

♣.#___#___#__#
♣.#.).#__)#._#
♣.###'#'###'##
♣.#....÷.....#
♣.'.⌠........#
♣.#...######'#
..#.⌠.#__#...#+#####
..#...#__#...#..§§~+
..#'###__#...#.#@§§#
..#.).#__#...'.#T§§#
..#___#__'...#.#§§§#
▓▓▓▓▓▓▓▓▓▓▓▓▓▓▓▓▓▓▓▓


You could see Snorg (berserk).

Vanquished Creatures
  A deep elf pyromancer (D)
  A shadow (D)
  A spatial vortex (D)
  A water elemental (D)
  A necrophage (D)
  A jelly (D)
  A wizard (D)
  A necromancer (D)
  A kobold demonologist (D)
  3 humans (D)
  A wolf (D)
  An endoplasm (D)
  3 rats (D)
17 creatures vanquished.

Notes
Turn   | Place    | Note
-------+----------+-------------------------------------------
     0 | D        | mhtbhm the Gargoyle Earth Elementalist began the quest for
                  | the Orb.
     0 | D        | Reached XP level 1. HP: 10/10 MP: 3/3
     3 | D        | Reached skill level 4 in Earth Magic
   189 | D        | Reached skill level 6 in Earth Magic
   189 | D        | Reached XP level 2. HP: 11/15 MP: 3/6
   421 | D        | Learned a level 2 spell: Passwall
   463 | D        | Gained mutation: Your body sometimes deteriorates upon
                  | taking damage. [potion of mutation]
   464 | D        | Lost mutation: Your body sometimes deteriorates upon taking
                  | damage. [potion of mutation]
   464 | D        | Gained mutation: You are partially covered in iridescent
                  | scales. (AC +2) [potion of mutation]
   464 | D        | Gained mutation: You are dopey. (Int -2) [potion of
                  | mutation]
   465 | D        | Lost mutation: You are dopey. (Int -2) [potion of mutation]
   465 | D        | Lost mutation: You are partially covered in iridescent
                  | scales. (AC +2) [potion of mutation]
   465 | D        | Gained mutation: Your mind is acute. (Int +4, Str/Dex -1)
                  | [potion of mutation]
   465 | D        | Gained mutation: Your movements are slightly less
                  | encumbered by armour. (ER -2) [potion of mutation]
   513 | D        | Reached XP level 3. HP: 19/19 MP: 1/8
   672 | D        | Learned a level 3 spell: Stone Arrow
   681 | D        | Noticed a water elemental
   687 | D        | Killed a water elemental
   688 | D        | Reached skill level 1 in Unarmed Combat
   688 | D        | Reached skill level 1 in Transmutations
   688 | D        | Reached skill level 7 in Earth Magic
   688 | D        | Reached XP level 4. HP: 15/24 MP: 3/10
   809 | D        | Learned a level 4 spell: Petrify
   816 | D        | Found a radiant altar of Vehumet.
   816 | D        | Found a shimmering blue altar of Sif Muna.
   816 | D        | Found an ancient bone altar of Kikubaaqudgha.
   816 | D        | Noticed a wizard
   817 | D        | Killed a wizard
   818 | D        | Reached skill level 5 in Spellcasting
   818 | D        | Reached skill level 8 in Earth Magic
   818 | D        | Reached XP level 5. HP: 28/28 MP: 9/12
   819 | D        | Noticed an orange demon
   823 | D        | Became a worshipper of Vehumet
   911 | D        | Found a basalt altar of Yredelemnul.
   911 | D        | Found a shadowy altar of Dithmenos.
   911 | D        | Found a sacrificial altar of Ru.
   913 | D        | Reached skill level 9 in Earth Magic
   998 | D        | Found a glowing silver altar of Zin.
   998 | D        | Found a glowing golden altar of the Shining One.
   998 | D        | Found a white marble altar of Elyvilon.
   998 | D        | Noticed a deep elf pyromancer
  1000 | D        | Killed a deep elf pyromancer
  1000 | D        | Reached * piety under Vehumet
  1000 | D        | Offered knowledge of Freeze by Vehumet.
  1001 | D        | Reached skill level 12 in Earth Magic
  1001 | D        | Reached XP level 6. HP: 6/33 MP: 13/18
  1001 | D        | Reached XP level 7. HP: 7/37 MP: 14/20
  1253 | D        | Found a hide-covered altar of Uskayaw.
  1253 | D        | Found an iron altar of Okawaru.
  1253 | D        | Found a bloodstained altar of Trog.
  1253 | D        | Found an ornate altar of the Wu Jian Council.
  1253 | D        | Noticed a human
  1253 | D        | Noticed a human
  1257 | D        | Killed a human
  1258 | D        | Reached skill level 10 in Spellcasting
  1258 | D        | Reached skill level 13 in Earth Magic
  1258 | D        | Killed a human
  1259 | D        | Reached XP level 8. HP: 37/42 MP: 16/22
  1299 | D        | Noticed a shadow
  1304 | D        | Killed a shadow
  1304 | D        | Offered knowledge of Searing Ray by Vehumet.
  1304 | D        | Reached ** piety under Vehumet
  1520 | D        | Found a blossoming altar of Fedhas.
  1520 | D        | Found a stormy altar of Qazlal.
  1520 | D        | Found a snail-covered altar of Cheibriados.
  1520 | D        | Found a burning altar of Makhleb.
  1520 | D        | Found a shimmering altar of Xom.
  1521 | D        | Found a hazy altar of Hepliaklqana.
  1521 | D        | Found an opulent altar of Gozag.
  1521 | D        | Found a sparkling altar of Nemelex Xobeh.
  1521 | D        | Found a corrupted altar of Lugonu.
  1521 | D        | Found a viscous altar of Jiyva.
  1525 | D        | Reached skill level 14 in Earth Magic
  1547 | D        | Noticed Snorg
  1551 | D        | Slain by Snorg

Illustrated notes

Levels and vault maps discovered:
D:        dungeon_sprint_mu [sprint_mu_entry_forest, sprint_mu_temple_rooms,
          sprint_mu_d1_horrors, sprint_mu_d2_genie, sprint_mu_d3_branching,
          sprint_mu_orc_legion, sprint_mu_elf_gauntlet, sprint_mu_hive_nellie,
          sprint_mu_lair_fedhas, sprint_mu_vaults_butterflies,
          sprint_mu_slime_circle, sprint_mu_shoals_archi,
          sprint_mu_snake_twists, sprint_mu_blade_basic,
          sprint_mu_crypt_fortress, sprint_mu_tomb_spiral,
          sprint_mu_vestibule_basic, sprint_mu_gehenna_hellfire,
          sprint_mu_dis_giant, sprint_mu_tartarus_statrot,
          sprint_mu_cocytus_islands, sprint_mu_zot1]

Skill      XL: |  1  2  3  4  5  6  7  8 |
---------------+-------------------------+-----
Earth Magic    | 6 7 8 12 13 14 | 14.1
Dodging        | 2 3 4 |  4.2
Spellcasting   | 3 4 5 9 10 11 | 11.2
Stealth        | 3 4 |  4.9
Unarmed Combat | 1 2 |  2.1
Transmutations | 1 2 |  2.4
Fighting       | |  0.6

Action                   |  1- 3 |  4- 6 |  7- 9 || total
-------------------------+-------+-------+-------++-------
Melee: Unarmed           |    13 |       |       ||    13
 Cast: Sandblast         |    15 |     9 |    13 ||    37
       Passwall          |     2 |       |       ||     2
       Stone Arrow       |     1 |       |       ||     1
       Petrify           |       |       |     1 ||     1
  Use: Potion            |     5 |       |     1 ||     6
Armor: Robe              |     3 |     1 |     1 ||     5
Dodge: Dodged            |    12 |     3 |     1 ||    16

Table legend: (Time is in decaauts)
 A = Elapsed time spent in this place.
 B = Non-inter-level travel time spent in this place.
 C = Inter-level travel time spent in this place.
 D = Time resting spent in this place.
 E = Time spent auto-exploring this place.
 F = Levels seen in this place.
 G = Mean time per level.
                   A        B        C        D        E       F      G
               +--------+--------+--------+--------+--------+-----+--------+
         Total |   1579 |   1579 |      0 |   1248 |      4 |   1 | 1579.0 |
       Dungeon |   1579 |   1579 |      0 |   1248 |      4 |   1 | 1579.0 |
               +--------+--------+--------+--------+--------+-----+--------+

Top non-repeatable levels by time:
       D: 1579 daAuts
